 Dungeon Crawl Stone Soup version 0.31-a0-931-g7b59d4eb97 (webtiles) character file.

Game seed: 6364397694546961647

54908 Getoffmy the Severer (level 14, -6/119 HPs)
             Began as a Demonspawn Fighter on Oct 19, 2023.
             Was a High Priest of Makhleb.
             Mangled by a death yak (8 damage)
             ... on level 5 of the Lair of Beasts.
             The game lasted 00:37:13 (19236 turns).

Getoffmy the Severer (Demonspawn Fighter)          Turns: 19236, Time: 00:37:14

Health: -6/119     AC: 26    Str: 20    XL:     14   Next: 36%
Magic:  0/24       EV: 11    Int: 11    God:    Makhleb [*****.]
Gold:   665        SH: 10    Dex: 13    Spells: 13/13 levels left

rFire   . . .        a - +3 war axe (venom)
rCold   . . .        J - +2 kite shield {AC+3}
rNeg    . . .        c - +1 shadow dragon scales "Xaec" {Rampage +Blink rElec Stlth++++}
rPois   +            (helmet unavailable)
rElec   +            (no cloak)
rCorr   .            h - +2 pair of gloves
SInv    .            (no boots)
Will    +....        L - amulet of guardian spirit
Stlth   ++           H - ring of flight
HPRegen 0.39/turn    P - +4 ring of slaying
MPRegen 0.19/turn

%: guardian spirit, rampage
@: agile, flying
A: horns 3, slimy green scales 3, powered by pain 2
a: Renounce Religion, Evoke Blink, Minor Destruction, Lesser Servant of Makhleb,
Major Destruction, Greater Servant of Makhleb


You were on level 5 of the Lair of Beasts.
You worshipped Makhleb.
Makhleb was extremely pleased with you.
You visited 3 branches of the dungeon, and saw 18 of its levels.
You also visited: Sewer and Bailey.

You collected 1679 gold pieces.
You spent 1014 gold pieces at shops.

Inventory:

Hand Weapons
 a - a +3 war axe of venom (weapon)
 I - a +1 sling of electrocution
Missiles
 f - 37 poisoned darts
 m - 173 stones
 n - 5 darts of dispersal
 v - 5 javelins
 E - 2 curare-tipped darts
Armour
 c - the +1 shadow dragon scales "Xaec" (worn) {Rampage +Blink rElec Stlth++++}
   (You took it off an orc warrior in a bailey)

   rElec:     It insulates you from electricity.
   +Blink:    It lets you blink.
   Rampage:   It bestows one free step when moving towards enemies.
   Stlth++++: It makes you much more stealthy.
 h - a +2 pair of gloves (worn)
 J - a +2 kite shield of protection (worn)
Jewellery
 p - an amulet of magic regeneration
 s - a ring of magical power
 H - a ring of flight (left hand)
 L - an amulet of guardian spirit (around neck)
 P - a +4 ring of slaying (right hand)
 Q - a ring of see invisible
 R - the ring of Tulips {Wiz Dex+2}
   (You found it on level 2 of the Lair of Beasts)

   [ring of wizardry]

   Wiz:       It improves your spell success rate.
   Dex+2:     It affects your dexterity (+2).
 T - a ring of resist corrosion
Wands
 w - a wand of flame (58)
 y - a wand of acid (11)
 C - a wand of iceblast (31)
Scrolls
 b - 7 scrolls of enchant armour
 d - 2 scrolls of immolation
 e - a scroll of vulnerability
 g - 3 scrolls of blinking
 i - 3 scrolls of fear
 j - 4 scrolls of teleportation
 q - a scroll of poison
 D - a scroll of noise
 F - 4 scrolls of amnesia
 M - 2 scrolls of fog
 O - a scroll of revelation
Potions
 k - 5 potions of curing
 l - 2 potions of resistance
 r - 8 potions of brilliance
 t - 2 potions of enlightenment
 u - a potion of ambrosia
 z - 5 potions of haste
 A - a potion of mutation {unknown}
 B - 5 potions of magic
 G - 2 potions of invisibility
 K - a potion of attraction {unknown}
 N - 3 potions of might
 U - a potion of cancellation {unknown}


   Skills:
 + Level 13.7 Fighting
 - Level 16.0 Axes
 - Level 8.2 Armour
 - Level 2.6 Shields
 + Level 13.5 Invocations


You had 13 spell levels left.
You didn't know any spells.
Your spell library contained the following spells:

 Spells                   Type           Power      Damage    Failure   Level
 Shock                    Conj/Air       0%         1d3       100%        1
 Slow                     Hex            0%         N/A       100%        1
 Ensorcelled Hibernation  Hex/Ice        0%         N/A       100%        2
 Passwall                 Tmut/Erth      0%         N/A       100%        2
 Confusing Touch          Hex            0%         N/A       100%        3
 Hailstorm                Conj/Ice       0%         3d3       100%        3
 Ozocubu's Armour         Ice            0%         N/A       100%        3
 Sigil of Binding         Hex            0%         N/A       100%        3
 Swiftness                Air            0%         N/A       100%        3
 Vampiric Draining        Necr           0%         2d6       100%        3
 Airstrike                Air            0%         2d(0-16)  100%        4
 Animate Dead             Necr           0%         N/A       100%        4
 Summon Ice Beast         Ice/Summ       0%         N/A       100%        4
 Vhi's Electric Charge    Tloc/Air       0%         N/A       100%        4
 Arcjolt                  Conj/Air       0%         1d10      100%        5
 Metabolic Englaciation   Hex/Ice        0%         N/A       100%        5
 Plasma Beam              Fire/Air       0%         2x1d10    100%        6
 Simulacrum               Ice/Necr       0%         N/A       100%        6
 Haunt                    Necr/Summ      0%         N/A       100%        7
 Ozocubu's Refrigeration  Ice            0%         4d7       100%        7
 Infestation              Necr           0%         N/A       100%        8


Dungeon Overview and Level Annotations

Branches:
Dungeon (12/15)            Temple (1/1) D:6            Lair (5/5) D:9
  Swamp (0/4) Lair:2        Snake (0/4) Lair:2        Slime (0/5) Lair:5
    Orc (0/2) D:12          Sewer (visited)          Bailey (visited)

Altars:
Ashenzari
Cheibriados
Dithmenos
Fedhas
Gozag
Hepliaklqana
Kikubaaqudgha
Makhleb
Nemelex Xobeh
Okawaru
Qazlal
Ru
Sif Muna
Trog
Uskayaw
Vehumet
Wu Jian
Xom
Yredelemnul
Jiyva

Shops:
D:6 =

Annotations:
D:9 2 transporters, Sundig's ghost, novice MiFi


Innate Abilities, Weirdness & Mutations

You have a pair of large horns on your head.
You are completely covered in slimy green scales. (AC +4, rPois)
You sometimes gain power by taking damage.


Message History

* * * LOW HITPOINT WARNING * * *
The death yak gores you.
* * * LOW HITPOINT WARNING * * *
The death yak gores you but does no damage.
The death yak gores you!
* * * LOW HITPOINT WARNING * * *
The death yak gores you but does no damage.
Unknown command.
The death yak gores you but does no damage.
The death yak gores you.
* * * LOW HITPOINT WARNING * * *
The death yak gores you but does no damage.
The death yak gores you!
* * * LOW HITPOINT WARNING * * *
The death yak gores you but does no damage.
The death yak barely misses you. The death yak barely misses you.
The death yak completely misses you. The death yak gores you.
* * * LOW HITPOINT WARNING * * *
The death yak gores you!
* * * LOW HITPOINT WARNING * * *
The death yak barely misses you. The death yak gores you.
You completely miss the death yak.
The death yak is severely wounded.
You hit the death yak.
The death yak looks as sick as possible!
You closely miss the death yak.
The death yak gores you but does no damage. x3
The death yak gores you but does no damage.
The death yak gores you!
* * * LOW HITPOINT WARNING * * *
You focus on the pain.
You feel agile all of a sudden. The death yak misses you.
You feel less invigorated.
You feel less confused. The death yak gores you!
* * * LOW HITPOINT WARNING * * *
The death yak gores you!
You die...

..............##
...........P..(#
.........P....#
.......$......#
.............##
.............#
.[..........##
........Y†..#
........Y@###
........Y##
........##
........#
........#
.......## ......
....


You could see 3 death yaks.

Vanquished Creatures
  2 hydras (Lair:5)
  Fannar (Lair:1)
  4 catoblepae
  2 two-headed ogres
  Erica (Lair:1)
  9 death yaks
  A skyshark (Lair:5)
  Amaemon (Lair:1)
  2 oklob plants (Lair:3)
  The ghost of soul19 the Cudgeller, a novice DsFi of Hepliaklqana (D:7)
  A cyclops (D:11)
  2 manticores
  A moth of wrath (D:7)
  7 black mambas
  6 elephants (Lair:3)
  10 cane toads
  An ice statue (Lair:2)
  An orange demon (Lair:1)
  Joseph (D:7)
  7 komodo dragons
  An unseen horror (D:12)
  A gargoyle (D:12)
  A freezing wraith (Lair:2)
  Maggie (D:6)
  A kobold demonologist (D:10)
  6 rime drakes
  An efreet (D:11)
  4 polar bears
  2 tengu conjurers (D:11)
  3 trolls
  8 dream sheep (Lair:5)
  11 blink frogs
  4 slime creatures (D:12)
  2 wyverns
  3 shadows
  3 basilisks
  A wraith (D:9)
  30 yaks
  Menkaure (D:5)
  2 nagas (Lair:2)
  A swamp worm (Lair:2)
  23 water moccasins
  A sky beast (D:6)
  12 ice beasts
  8 orc warriors
  5 black bears
  10 wolves (Lair:1)
  2 ogres
  4 centaurs
  A phantom (D:4)
  2 gnoll sergeants
  3 kobold brigands
  12 bullfrogs
  6 scorpions
  2 necrophages (D:6)
  A wyvern zombie (D:6)
  2 water moccasin zombies (D:6)
  4 wights
  10 killer bees
  A howler monkey (D:6)
  2 bullfrog zombies (D:6)
  2 centaur zombies (D:6)
  A human zombie (D:6)
  6 jellies
  3 hounds
  3 orc priests
  A gnoll bouda (D:4)
  An iron imp (D:4)
  17 orc wizards
  4 hell rats (Lair:3)
  9 adders
  15 gnolls
  5 river rats (Lair:3)
  2 shadow imps (D:6)
  4 white imps
  4 worms
  5 dart slugs
  53 orcs
  10 endoplasms
  5 giant cockroaches
  10 goblins
  6 hobgoblins
  12 jackals
  5 quokkas
  9 ball pythons
  7 bats
  2 frilled lizards
  27 kobolds
  21 rats
  A butterfly (Lair:2)
509 creatures vanquished.

Vanquished Creatures (collateral kills)
  5 hydras
  Lodul (D:12)
  A lindwurm (Lair:4)
  A komodo dragon (Lair:3)
  A water moccasin (Lair:3)
  6 ogres (D:12)
  2 bullfrogs (Lair:3)
17 creatures vanquished.

Grand Total: 526 creatures vanquished

Notes
Turn   | Place    | Note
-------+----------+-------------------------------------------
     0 | D:1      | Getoffmy the Demonspawn Fighter began the quest for the
                  | Orb.
     0 | D:1      | Reached XP level 1. HP: 18/18 MP: 1/1
    54 | D:1      | Reached skill level 2 in Axes
   296 | D:1      | Gained mutation: You have a pair of small horns on your
                  | head. [demonic ancestry]
   296 | D:1      | Reached XP level 2. HP: 21/24 MP: 2/2
   745 | D:2      | Gained mutation: You have a pair of horns on your head.
                  | [demonic ancestry]
   745 | D:2      | Reached XP level 3. HP: 23/29 MP: 3/3
   790 | D:2      | Reached skill level 3 in Axes
   790 | D:2      | Reached XP level 4. HP: 20/36 MP: 4/4
  1596 | D:3      | Found a shadowy altar of Dithmenos.
  1601 | D:3      | Found a shimmering altar of Xom.
  1653 | D:3      | Reached XP level 5. HP: 42/42 MP: 5/5
  1722 | D:3      | Found a sacrificial altar of Ru.
  1967 | D:3      | Found a blossoming altar of Fedhas.
  2190 | D:4      | Reached skill level 4 in Axes
  2346 | D:4      | Gained mutation: You sometimes gain a little power by
                  | taking damage. [demonic ancestry]
  2346 | D:4      | Reached XP level 6. HP: 39/48 MP: 6/6
  2605 | D:4      | Reached skill level 5 in Axes
  2605 | D:4      | Gained mutation: You are partially covered in slimy green
                  | scales. (AC +2) [demonic ancestry]
  2605 | D:4      | Reached XP level 7. HP: 52/55 MP: 7/7
  2853 | D:4      | Found a snail-covered altar of Cheibriados.
  2861 | D:4      | Reached skill level 5 in Fighting
  2909 | D:5      | Entered Level 5 of the Dungeon
  2924 | D:4      | HP: 2/56 [poisoned by a kobold brigand (curare-tipped
                  | dart)]
  3228 | D:5      | Reached skill level 6 in Axes
  3233 | D:5      | Reached skill level 5 in Armour
  3233 | D:5      | Gained mutation: You sometimes gain power by taking damage.
                  | [demonic ancestry]
  3233 | D:5      | Reached XP level 8. HP: 17/63 MP: 8/8
  3344 | D:5      | Found a glowing drain.
  3386 | Sewer    | Entered a sewer
  3960 | D:5      | Noticed Menkaure
  3966 | D:5      | Killed Menkaure
  4416 | D:6      | Found a radiant altar of Vehumet.
  4570 | D:6      | Noticed Maggie
  4579 | D:6      | Killed Maggie
  4580 | D:6      | Reached skill level 7 in Axes
  4688 | D:6      | Found a staircase to the Ecumenical Temple.
  4764 | Temple   | Entered the Ecumenical Temple
  4843 | Temple   | Became a worshipper of Makhleb the Destroyer
  4901 | D:6      | Found Iwnomaere's Jewellery Shoppe.
  4918 | D:6      | Gained mutation: You have a pair of large horns on your
                  | head. [demonic ancestry]
  4918 | D:6      | Reached XP level 9. HP: 67/71 MP: 9/9
  5140 | D:6      | Reached skill level 8 in Axes
  5176 | D:6      | Found a basalt altar of Yredelemnul.
  5179 | D:6      | Noticed a profane servitor
  5402 | D:6      | Found an ancient bone altar of Kikubaaqudgha.
  5412 | D:6      | Reached * piety under Makhleb
  5500 | D:6      | Noticed an angel
  5542 | D:7      | Noticed Joseph
  5566 | D:7      | Killed Joseph
  5838 | D:7      | Reached skill level 9 in Axes
  5901 | D:7      | Noticed a moth of wrath
  5906 | D:7      | Found a transporter.
  5907 | D:7      | Noticed soul19's ghost (novice DsFi)
  5921 | D:7      | Found a transporter.
  6810 | D:7      | Killed soul19's ghost
  6811 | D:7      | Reached XP level 10. HP: 26/80 MP: 10/10
  6814 | D:7      | Killed a moth of wrath
  6815 | D:7      | Reached skill level 10 in Axes
  7000 | D:7      | Identified the +1 helmet "Zuunaicri" {+Inv rElec rPois
                  | Str+4}
  7327 | D:8      | Identified the +0 robe "Ihiliaph" {*Slow rElec Slay+3}
  7331 | D:8      | Found an ornate altar of the Wu Jian Council.
  7713 | D:9      | Noticed a manticore
  7722 | D:9      | Killed a manticore
  7725 | D:9      | Reached ** piety under Makhleb
  7758 | D:9      | Found a hazy altar of Hepliaklqana.
  7818 | D:9      | Found a flagged portal.
  7830 | Bailey   | Entered a bailey
  8061 | Bailey   | Identified the +1 shadow dragon scales "Xaec" {Rampage
                  | +Blink rElec Stlth++++}
  8549 | D:9      | Found a staircase to the Lair.
  8575 | D:9      | Reached skill level 11 in Axes
  8857 | D:9      | Identified the +9 giant club of Nothuo Kemu {freeze, Str+5}
  8857 | D:9      | Noticed a two-headed ogre
  8857 | D:9      | Noticed Sundig's ghost (novice MiFi)
  8858 | D:9      | Noticed a two-headed ogre
  8859 | D:9      | Found a transporter.
  8859 | D:9      | Noticed a two-headed ogre
  8860 | D:9      | Noticed a two-headed ogre
  8863 | D:9      | Found a transporter.
  9288 | D:10     | Entered Level 10 of the Dungeon
  9293 | D:10     | Reached *** piety under Makhleb
  9426 | D:10     | Reached skill level 1 in Invocations
  9426 | D:10     | Gained mutation: You are mostly covered in slimy green
                  | scales. (AC +3) [demonic ancestry]
  9426 | D:10     | Reached XP level 11. HP: 71/89 MP: 11/11
 10254 | D:11     | Noticed a two-headed ogre
 10273 | D:11     | Killed a two-headed ogre
 10454 | D:11     | Reached skill level 12 in Axes
 10792 | D:11     | Reached skill level 5 in Invocations
 11681 | D:12     | Noticed Lodul
 11687 | D:12     | Reached skill level 10 in Fighting
 11693 | D:12     | Reached **** piety under Makhleb
 11700 | D:12     | Killed Lodul
 11770 | D:12     | Found a staircase to the Orcish Mines.
 12071 | D:12     | Noticed a two-headed ogre
 12085 | D:12     | Killed a two-headed ogre
 12179 | D:12     | Noticed a deep elf pyromancer
 12325 | Lair:1   | Entered Level 1 of the Lair of Beasts
 12342 | Lair:1   | Gained mutation: You are completely covered in slimy green
                  | scales. (AC +4, rPois) [demonic ancestry]
 12342 | Lair:1   | Reached XP level 12. HP: 42/98 MP: 13/16
 12564 | Lair:1   | Noticed Amaemon
 12566 | Lair:1   | Reached skill level 13 in Axes
 12601 | Lair:1   | Killed Amaemon
 12995 | Lair:1   | Reached ***** piety under Makhleb
 13086 | Lair:1   | Noticed Erica
 13100 | Lair:1   | Killed Erica
 13156 | Lair:1   | Reached skill level 14 in Axes
 13183 | Lair:1   | Noticed Fannar
 13205 | Lair:1   | Killed Fannar
 13742 | D:6      | Bought a +4 ring of slaying for 1014 gold pieces
 14167 | Lair:2   | Noticed a death yak
 14188 | Lair:2   | Killed a death yak
 14189 | Lair:2   | Reached XP level 13. HP: 106/106 MP: 20/20
 14224 | Lair:2   | Reached skill level 10 in Invocations
 14464 | Lair:2   | Found a staircase to the Snake Pit.
 14483 | Lair:2   | Reached skill level 15 in Axes
 15061 | Lair:2   | Found a staircase to the Swamp.
 15166 | Lair:2   | Identified the ring of Tulips {Wiz Dex+2}
 15524 | Lair:3   | Found a blossoming altar of Fedhas.
 17953 | Lair:4   | Reached skill level 16 in Axes
 18580 | Lair:5   | Entered Level 5 of the Lair of Beasts
 18605 | Lair:5   | Reached XP level 14. HP: 103/116 MP: 18/23
 18881 | Lair:5   | Found a viscous altar of Jiyva.
 18881 | Lair:5   | Found a staircase to the Slime Pits.
 19236 | Lair:5   | HP: 2/119 [death yak (8)]
 19236 | Lair:5   | Mangled by a death yak

Illustrated notes

Levels and vault maps discovered:
D:1:      heliophobic_arrival_battle_scene, layout_basic,
          kennysheep_decorative_pillar
D:2:      layout_loops_ring
D:3:      layout_loops_cross, mainiacjoe_overflow_cross_hatched,
          nicolae_ru_great_annihilating_truth, jmf_multi_god_temple
D:4:      layout_basic, chei_slow_surprise
D:5:      layout_cave_pools, cheibrodos_sewer_entry_drain,
          minmay_misc_feat_five, uniq_menkaure
D:6:      layout_cave_pools, grunt_temple_overflow_holy_war,
          lemuel_mausoleum_altar_kikubaaqudgha, mainiacjoe_overflow_alcove_4,
          minmay_temple_entry_statues_fountains, serial_shops,
          nicolae_shop_behind_doors, uniq_maggie
D:7:      layout_loops_ring, gammafunk_ghost_berserking_beasts,
          minmay_misc_feat_nine_boxes, uniq_joseph
D:8:      layout_rooms, mainiacjoe_overflow_catwalk
D:9:      layout_rooms, nicolae_hepliaklqana_hazy_memory, zin_scriptorium,
          david_lair_shrubbed, gammafunk_ghost_smash, enter_bailey_3
D:10:     layout_long_grid, mainiacjoe_overflow_chevrons
D:11:     layout_grid_maze
D:12:     layout_stronghold, orc_0_dummy, uniq_lodul
Temple:   nicolae_temple_figure_zero
Lair:1:   layout_loops_ring, lemuel_fruit_fields, uniq_amaemon, uniq_erica,
          uniq_fannar
Lair:2:   layout_small_grid, minmay_swamp_entry_worms,
          guppyfry_snake_entry_island, chequers_serial_rivers_micro_c,
          chequers_serial_rivers_large_b, ice2_lemuel
Lair:3:   layout_regular_city, hangedman_tree_tricks, kennysheep_abandoned_house
Lair:4:   wad_woods_04, layout_regular_city, cheibrodos_lair_reptile_den
Lair:5:   cheibrodos_lair_end_hotspot, layout_layer_cave,
          dpeg_slime_entry_corner, st_stairs_5, grunt_forest_large_clearing_hut

Skill      XL: |  1  2  3  4  5  6  7  8  9 10 11 12 13 14 |
---------------+-------------------------------------------+-----
Axes           | 2 3 4 5 6 7 9 11 12 14 16 | 16.0
Armour         | 3 4 5 7 8 |  8.2
Fighting       | 4 5 6 8 9 10 11 12 13 | 13.7
Invocations    | 1 6 9 12 13 | 13.5
Shields        | |  2.6

Action                     |  1- 3 |  4- 6 |  7- 9 | 10-12 | 13-15 || total
---------------------------+-------+-------+-------+-------+-------++-------
  Melee: War axe           |    58 |   171 |   364 |   763 |   416 ||  1772
         Headbutt          |     5 |    22 |    70 |   164 |   115 ||   376
 Invoke: Lesser Servant of |       |       |       |       |    12 ||    12
  Evoke: Wand              |       |       |       |       |     4 ||     4
    Use: Potion            |       |     1 |     4 |     7 |     2 ||    14
         Scroll            |       |       |    20 |    10 |     4 ||    34
   Stab: Paralysed         |       |     1 |       |       |       ||     1
         Sleeping          |       |       |       |     3 |       ||     3
         Petrified         |       |       |       |       |    10 ||    10
         Distracted        |       |       |       |       |     2 ||     2
 Armour: Scale mail        |    50 |    36 |       |       |       ||    86
         Chain mail        |       |   104 |   363 |   170 |       ||   637
         Shadow dragon sca |       |       |       |   577 |   602 ||  1179
  Dodge: Dodged            |    20 |    73 |   141 |   222 |   139 ||   595
  Block: Buckler           |     8 |    41 |    79 |    52 |       ||   180
         Kite shield       |       |       |       |   286 |   256 ||   542

Table legend: (Time is in decaauts)
 A = Elapsed time spent in this place.
 B = Non-inter-level travel time spent in this place.
 C = Inter-level travel time spent in this place.
 D = Time resting spent in this place.
 E = Time spent auto-exploring this place.
 F = Levels seen in this place.
 G = Mean time per level.
                   A        B        C        D        E       F      G
               +--------+--------+--------+--------+--------+-----+--------+
         Total |  19475 |  18279 |   1196 |   4461 |   9860 |  20 |  973.8 |
       Dungeon |  11544 |  10576 |    968 |   2217 |   6124 |  12 |  962.0 |
        Temple |     89 |     53 |     36 |     51 |      0 |   1 |   89.0 |
          Lair |   6643 |   6451 |    192 |   1823 |   3299 |   5 | 1328.6 |
         Sewer |    544 |    544 |      0 |    170 |    198 |   1 |  544.0 |
        Bailey |    653 |    653 |      0 |    200 |    239 |   1 |  653.0 |
               +--------+--------+--------+--------+--------+-----+--------+

Top non-repeatable levels by time:
  Lair:4: 1925 daAuts
     D:7: 1583 daAuts
  Lair:2: 1541 daAuts
    D:11: 1491 daAuts
  Lair:1: 1297 daAuts
  Lair:3: 1241 daAuts
     D:9: 1123 daAuts
     D:6: 1109 daAuts
     D:4: 976 daAuts
     D:2: 877 daAuts
     D:5: 841 daAuts
    D:10: 801 daAuts
    D:12: 733 daAuts
     D:1: 690 daAuts
     D:3: 676 daAuts
